SL
LONG ISLAND LIGHTHOUSE @ FT. WORTH CATTLEMEN
05/30/2042
 
TOP OF THE 1ST
Long Island Lighthouse batting - Pitching for Ft. Worth Cattlemen : LHP Gustavo Tobías
Pitching: LHP Gustavo Tobías
Batting: RHB Eugene Bennett 0-0: Called Strike
0-1: Ground out 5-3 (Groundball, 5, EV 98.1 MPH)
Batting: RHB Mark Toope 0-0: Foul Ball, location: 2F
0-1: Swinging Strike
0-2: Fly out, F9 (Flyball, 9S, EV 87.5 MPH)
Batting: RHB Jonas van Claveren 0-0: SINGLE (Groundball, 4MD, EV 98.8 MPH)
Batting: RHB Oliver Villalva 0-0: Ball
1-0: Fielders Choice at 2nd, 5-4 (Groundball, 5L, EV 100.0 MPH)
Top of the 1st over - 0 runs, 1 hit, 0 errors, 1 left on base; Long Island 0 - Ft. Worth 0
BOTTOM OF THE 1ST
Ft. Worth Cattlemen batting - Pitching for Long Island Lighthouse : RHP Valentin Calhamar
Pitching: RHP Valentin Calhamar
Batting: LHB Tippi Degré 0-0: Called Strike
0-1: Called Strike
0-2: Strikes out looking
Batting: RHB Tae-cho Han 0-0: Ball
1-0: Ball
2-0: Foul Ball, location: 2F
2-1: Swinging Strike
2-2: Ball
3-2: Strikes out swinging
Batting: SHB Kolby Hay 0-0: Ball
1-0: Called Strike
1-1: Foul Ball, location: 2F
1-2: Ball
2-2: Foul Ball, location: 2F
2-2: Ground out U3 (Groundball, 34, EV 86.9 MPH)
Bottom of the 1st over - 0 runs, 0 hits, 0 errors, 0 left on base; Long Island 0 - Ft. Worth 0
TOP OF THE 2ND
Long Island Lighthouse batting - Pitching for Ft. Worth Cattlemen : LHP Gustavo Tobías
Batting: RHB Iiri Haapajarvi 0-0: Called Strike
0-1: Ball
1-1: Foul Ball, location: 2F
1-2: SINGLE (Line Drive, 78M, EV 97.5 MPH)
Batting: RHB Quan Easterling 0-0: Ball
Wild Pitch!
Iiri Haapajarvi to second
1-0: Ball
2-0: Called Strike
2-1: 2-RUN HOME RUN (Flyball, 7D, EV 102.5 MPH), Distance : 380 ft
Batting: LHB Scott Kerin 0-0: Foul Ball, location: 2F
0-1: Called Strike
0-2: SINGLE (Groundball, 5D, EV 107.5 MPH)
Batting: RHB Carlos Mendoza 0-0: Called Strike
0-1: Swinging Strike
0-2: Ball
1-2: Ball
2-2: 2-RUN HOME RUN (Flyball, 78XD, EV 95.0 MPH), Distance : 408 ft
Batting: RHB Nigel Sturges 0-0: Ball
1-0: Ball
2-0: Ball
3-0: Called Strike
3-1: Ground out 5-3 (Groundball, 56S, EV 67.5 MPH)
Batting: RHB Eugene Bennett 0-0: Called Strike
0-1: Called Strike
0-2: Foul Ball, location: 2F
0-2: Ball
1-2: Reached on error, E5 (Groundball, 5, EV 86.2 MPH)
Batting: RHB Mark Toope 0-0: Ball
1-0: Ball
2-0: Called Strike
2-1: Ball
3-1: Base on Balls
Eugene Bennett to second
Batting: RHB Jonas van Claveren 0-0: Ball
1-0: Called Strike
Eugene Bennett steals 3rd base
Mark Toope to second
1-1: Ball
2-1: Ball
3-1: Base on Balls
Batting: RHB Oliver Villalva 0-0: Grounds into double play, 4-6-3 (Groundball, 4, EV 80.6 MPH)
Top of the 2nd over - 4 runs, 4 hits, 1 error, 2 left on base; Long Island 4 - Ft. Worth 0
BOTTOM OF THE 2ND
Ft. Worth Cattlemen batting - Pitching for Long Island Lighthouse : RHP Valentin Calhamar
Batting: LHB Semo Hoaloha 0-0: Called Strike
0-1: Ball
1-1: Fly out, F8 (Line Drive, 8LM, EV 105.6 MPH)
Batting: RHB Dennis Wacher 0-0: Called Strike
0-1: Foul Ball, location: 2F
0-2: SINGLE (Line Drive, 56, EV 105.0 MPH)
Batting: LHB Jorge Alejándrez 0-0: Ball
1-0: Fly out, F8 (Flyball, 78D, EV 107.5 MPH)
Batting: RHB Jurgen Flurgenburgen 0-0: Called Strike
0-1: Ball
1-1: DOUBLE (Groundball, 3L, EV 103.8 MPH)
Dennis Wacher to third
Runner from 3rd tries for Home, SAFE, throw by RF to home
Batting: RHB Lonnie Doble 0-0: DOUBLE (Groundball, 5L, EV 108.8 MPH)
Jurgen Flurgenburgen scores
Batting: RHB Omer Yurtseven 0-0: Swinging Strike
0-1: Ball
1-1: Fly out, F8 (Line Drive, 8RM, EV 98.8 MPH)
Bottom of the 2nd over - 2 runs, 3 hits, 0 errors, 1 left on base; Long Island 4 - Ft. Worth 2
TOP OF THE 3RD
Long Island Lighthouse batting - Pitching for Ft. Worth Cattlemen : LHP Gustavo Tobías
Batting: RHB Iiri Haapajarvi 0-0: Ball
1-0: Called Strike
1-1: Called Strike
1-2: Strikes out swinging
Batting: RHB Quan Easterling 0-0: Called Strike
0-1: Ball
1-1: Called Strike
1-2: Strikes out swinging
Batting: LHB Scott Kerin 0-0: Ball
1-0: SINGLE (Groundball, 56D, EV 104.4 MPH)
Batting: RHB Carlos Mendoza 0-0: Ball
1-0: SINGLE (Groundball, 6MS, EV 67.5 MPH) (infield hit)
Scott Kerin to second
Batting: RHB Nigel Sturges 0-0: Ball
1-0: Ball
2-0: Called Strike
2-1: Foul Ball, location: 2F
2-2: Foul Ball, location: 2F
2-2: Foul Ball, location: 2F
2-2: SINGLE (Line Drive, 4MD, EV 95.0 MPH)
Scott Kerin to third
Carlos Mendoza to second
Batting: RHB Eugene Bennett 0-0: Called Strike
0-1: Fly out, F8 (Flyball, 89S, EV 94.4 MPH)
Top of the 3rd over - 0 runs, 3 hits, 0 errors, 3 left on base; Long Island 4 - Ft. Worth 2
BOTTOM OF THE 3RD
Ft. Worth Cattlemen batting - Pitching for Long Island Lighthouse : RHP Valentin Calhamar
Batting: LHB Tippi Degré 0-0: Called Strike
0-1: Foul Ball, location: 2F
0-2: Ball
1-2: Fly out, F4 (Line Drive, 4, EV 60.0 MPH)
Batting: RHB Tae-cho Han 0-0: Ball
1-0: Ground out 4-3 (Groundball, 4S, EV 80.6 MPH)
Batting: SHB Kolby Hay 0-0: Fly out, F3 (Line Drive, 3, EV 72.5 MPH)
Bottom of the 3rd over - 0 runs, 0 hits, 0 errors, 0 left on base; Long Island 4 - Ft. Worth 2
TOP OF THE 4TH
Long Island Lighthouse batting - Pitching for Ft. Worth Cattlemen : LHP Gustavo Tobías
Batting: RHB Mark Toope 0-0: Foul Ball, location: 2F
0-1: Foul Ball, location: 2F
0-2: Ball
1-2: Ball
2-2: Foul Ball, location: 2F
2-2: Foul Ball, location: 2F
2-2: Foul Ball, location: 2F
2-2: Foul Ball, location: 2F
2-2: Fly out, F8 (Line Drive, 8RD, EV 98.1 MPH)
Batting: RHB Jonas van Claveren 0-0: Ground out 4-3 (Groundball, 4, EV 110.6 MPH)
Batting: RHB Oliver Villalva 0-0: Ball
1-0: Ball
2-0: Ball
3-0: Swinging Strike
3-1: SINGLE (Groundball, 56D, EV 98.8 MPH)
Batting: RHB Iiri Haapajarvi 0-0: Ball
1-0: Ball
2-0: Ground out 5-3 (Groundball, 56S, EV 84.4 MPH)
Top of the 4th over - 0 runs, 1 hit, 0 errors, 1 left on base; Long Island 4 - Ft. Worth 2
BOTTOM OF THE 4TH
Ft. Worth Cattlemen batting - Pitching for Long Island Lighthouse : RHP Valentin Calhamar
Batting: LHB Semo Hoaloha 0-0: Ball
1-0: Ball
2-0: Called Strike
2-1: Foul Ball, location: 2F
2-2: Fly out, F6 (Flyball, 6MD, EV 82.5 MPH)
Batting: RHB Dennis Wacher 0-0: Ground out 6-3 (Groundball, 6M, EV 76.2 MPH)
Batting: LHB Jorge Alejándrez 0-0: Ground out 6-3 (Groundball, 6, EV 83.8 MPH)
Bottom of the 4th over - 0 runs, 0 hits, 0 errors, 0 left on base; Long Island 4 - Ft. Worth 2
TOP OF THE 5TH
Long Island Lighthouse batting - Pitching for Ft. Worth Cattlemen : LHP Gustavo Tobías
Batting: RHB Quan Easterling 0-0: Swinging Strike
0-1: Swinging Strike
0-2: Ball
1-2: Ground out 5-3 (Groundball, 56, EV 108.1 MPH)
Batting: LHB Scott Kerin 0-0: Called Strike
0-1: Foul Ball, location: 2F
0-2: Ball
1-2: Ball
2-2: SINGLE (Flyball, 89S, EV 90.0 MPH)
Batting: RHB Carlos Mendoza 0-0: Called Strike
0-1: Ball
1-1: Ball
2-1: Foul Ball, location: 2F
2-2: Strikes out looking
Batting: RHB Nigel Sturges 0-0: Ground out 5-3 (Groundball, 56S, EV 72.5 MPH)
Top of the 5th over - 0 runs, 1 hit, 0 errors, 1 left on base; Long Island 4 - Ft. Worth 2
BOTTOM OF THE 5TH
Ft. Worth Cattlemen batting - Pitching for Long Island Lighthouse : RHP Valentin Calhamar
Batting: RHB Jurgen Flurgenburgen 0-0: Foul Ball, location: 2F
0-1: Swinging Strike
0-2: Strikes out swinging
Batting: RHB Lonnie Doble 0-0: Ball
1-0: Ball
2-0: Called Strike
2-1: Foul Ball, location: 2F
2-2: Foul Ball, location: 2F
2-2: Foul Ball, location: 2F
2-2: Foul Ball, location: 2F
2-2: Strikes out looking
Batting: RHB Omer Yurtseven 0-0: Called Strike
0-1: Swinging Strike
0-2: Fly out, F6 (Popup, P, EV 90.0 MPH)
Bottom of the 5th over - 0 runs, 0 hits, 0 errors, 0 left on base; Long Island 4 - Ft. Worth 2
TOP OF THE 6TH
Long Island Lighthouse batting - Pitching for Ft. Worth Cattlemen : LHP Gustavo Tobías
Pitching: RHP Dragutin Petrovic
Batting: RHB Eugene Bennett 0-0: Called Strike
0-1: Swinging Strike
0-2: Ball
1-2: Ball
2-2: Foul Ball, location: 2F
2-2: Ground out 1-3 (Groundball, 15, EV 84.4 MPH)
Batting: RHB Mark Toope 0-0: Ball
1-0: Foul Ball, location: 2F
1-1: Ball
2-1: Fly out, F6 (Flyball, 6D, EV 87.5 MPH)
Batting: RHB Jonas van Claveren 0-0: Foul Ball, location: 2F
0-1: Ground out 4-3 (Groundball, 4, EV 85.0 MPH)
Top of the 6th over - 0 runs, 0 hits, 0 errors, 0 left on base; Long Island 4 - Ft. Worth 2
BOTTOM OF THE 6TH
Ft. Worth Cattlemen batting - Pitching for Long Island Lighthouse : RHP Valentin Calhamar
Batting: LHB Tippi Degré 0-0: Foul Ball, location: 2F
0-1: Foul Ball, location: 2F
0-2: Ball
1-2: Ball
2-2: Strikes out swinging
Batting: RHB Tae-cho Han 0-0: Foul Ball, location: 2F
0-1: Swinging Strike
0-2: Strikes out looking
Batting: SHB Kolby Hay 0-0: Called Strike
0-1: Ball
1-1: Foul Ball, location: 2F
1-2: Ball
2-2: Ball
3-2: SOLO HOME RUN (Flyball, 78XD, EV 109.4 MPH), Distance : 427 ft
Batting: LHB Semo Hoaloha 0-0: Foul Ball, location: 2F
0-1: Called Strike
0-2: Strikes out looking
Bottom of the 6th over - 1 run, 1 hit, 0 errors, 0 left on base; Long Island 4 - Ft. Worth 3
TOP OF THE 7TH
Long Island Lighthouse batting - Pitching for Ft. Worth Cattlemen : RHP Dragutin Petrovic
Batting: RHB Oliver Villalva 0-0: Ball
1-0: Fly out, F8 (Flyball, 89XD, EV 93.8 MPH)
Batting: RHB Iiri Haapajarvi 0-0: Called Strike
0-1: Ball
1-1: Called Strike
1-2: Ball
2-2: Foul Ball, location: 2F
2-2: Strikes out swinging
Batting: RHB Quan Easterling 0-0: Ball
1-0: Ball
2-0: Called Strike
2-1: DOUBLE (Groundball, 5L, EV 103.8 MPH)
Batting: LHB Scott Kerin 0-0: Ball
1-0: Foul Ball, location: 2F
1-1: Ball
2-1: Ball
3-1: Base on Balls
Batting: RHB Carlos Mendoza 0-0: Foul Ball, location: 2F
0-1: Swinging Strike
0-2: Ball
1-2: Strikes out swinging
Top of the 7th over - 0 runs, 1 hit, 0 errors, 2 left on base; Long Island 4 - Ft. Worth 3
BOTTOM OF THE 7TH
Ft. Worth Cattlemen batting - Pitching for Long Island Lighthouse : RHP Valentin Calhamar
Batting: RHB Dennis Wacher 0-0: Ball
1-0: Called Strike
1-1: Called Strike
1-2: Strikes out swinging
Batting: LHB Jorge Alejándrez 0-0: Called Strike
0-1: Foul Ball, location: 2F
0-2: SINGLE (Flyball, 3D, EV 96.9 MPH)
Batting: RHB Jurgen Flurgenburgen 0-0: Ball
1-0: Called Strike
1-1: Called Strike
1-2: Ball
2-2: Grounds into double play, 6-4-3 (Groundball, 6, EV 103.1 MPH)
Bottom of the 7th over - 0 runs, 1 hit, 0 errors, 0 left on base; Long Island 4 - Ft. Worth 3
TOP OF THE 8TH
Long Island Lighthouse batting - Pitching for Ft. Worth Cattlemen : RHP Dragutin Petrovic
Batting: RHB Nigel Sturges 0-0: Ball
1-0: Foul Ball, location: 2F
1-1: Called Strike
1-2: Foul Ball, location: 2F
1-2: Strikes out looking
Batting: RHB Eugene Bennett 0-0: Fly out, F8 (Flyball, 8RM, EV 82.5 MPH)
Batting: RHB Mark Toope 0-0: Ball
1-0: Ball
2-0: Ball
3-0: Base on Balls
Pitching: RHP WyDale Curry
Batting: RHB Jonas van Claveren 0-0: Called Strike
0-1: Ball
1-1: Swinging Strike
1-2: Foul Ball, location: 2F
1-2: Foul Ball, location: 2F
1-2: Strikes out swinging
Top of the 8th over - 0 runs, 0 hits, 0 errors, 1 left on base; Long Island 4 - Ft. Worth 3
BOTTOM OF THE 8TH
Ft. Worth Cattlemen batting - Pitching for Long Island Lighthouse : RHP Valentin Calhamar
Pitching: RHP Mac Hippenhammer
Batting: RHB Lonnie Doble 0-0: Ball
1-0: Fly out, F6 (Popup, 6, EV 73.1 MPH)
Batting: RHB Omer Yurtseven 0-0: Ground out U3 (Groundball, 3, EV 108.1 MPH)
Batting: LHB Tippi Degré 0-0: Ball
1-0: Ball
2-0: SINGLE (Groundball, 34, EV 84.4 MPH) (infield hit)
Batting: RHB Tae-cho Han 0-0: Called Strike
0-1: Called Strike
0-2: Ball
1-2: Fly out, F6 (Popup, 6M, EV 56.2 MPH)
Bottom of the 8th over - 0 runs, 1 hit, 0 errors, 1 left on base; Long Island 4 - Ft. Worth 3
TOP OF THE 9TH
Long Island Lighthouse batting - Pitching for Ft. Worth Cattlemen : RHP WyDale Curry
Batting: RHB Oliver Villalva 0-0: Called Strike
0-1: Ball
1-1: SINGLE (Groundball, 6MD, EV 98.8 MPH)
Batting: RHB Iiri Haapajarvi 0-0: Ball
1-0: Ball
2-0: Called Strike
2-1: Foul Ball, location: 2F
2-2: Strikes out swinging
Batting: RHB Quan Easterling 0-0: Called Strike
0-1: Fly out, F3 (Line Drive, 3, EV 66.9 MPH)
Batting: LHB Scott Kerin 0-0: Ball
1-0: Foul Ball, location: 2F
1-1: Swinging Strike
1-2: Strikes out looking
Top of the 9th over - 0 runs, 1 hit, 0 errors, 1 left on base; Long Island 4 - Ft. Worth 3
BOTTOM OF THE 9TH
Ft. Worth Cattlemen batting - Pitching for Long Island Lighthouse : RHP Mac Hippenhammer
Pitching: RHP Carlos Rodríguez
Batting: SHB Kolby Hay 0-0: Ball
1-0: Swinging Strike
1-1: Swinging Strike
1-2: Fly out, F8 (Flyball, 8LM, EV 88.8 MPH)
Batting: LHB Semo Hoaloha 0-0: Called Strike
0-1: Ball
1-1: SINGLE (Groundball, 6MS, EV 86.2 MPH) (infield hit)
Batting: RHB Dennis Wacher 0-0: Called Strike
0-1: Ball
1-1: SINGLE (Flyball, 9S, EV 90.6 MPH)
Semo Hoaloha to second
Runner from 2nd tries for 3rd, SAFE, throw by RF made to third
Batting: LHB Jorge Alejándrez 0-0: Ball
1-0: Ball
2-0: Swinging Strike
2-1: Fly out, F7 (Flyball, 7, EV 88.1 MPH)
Batting: RHB Jurgen Flurgenburgen 0-0: Ball
1-0: Swinging Strike
1-1: Swinging Strike
1-2: Strikes out swinging
Bottom of the 9th over - 0 runs, 2 hits, 0 errors, 2 left on base; Long Island 4 - Ft. Worth 3
Friday, March 26th, 2021 - OOTP Baseball 20.8 Build 74